 Dungeon Sprint DCSS version 0.26-a0-30-g56b8cd3df0 (webtiles) character file.

Game seed: 17361567502886662886, levelgen mode: deterministic

112 Apogee the Slicer (level 5, -4/37 HPs)
             Began as a Kobold Berserker on June 2, 2020.
             Was a Follower of Trog.
             Slain by Sigmund
             ... wielding a +0 scythe
              (8 damage)
             ... in the Dungeon (Sprint I: "Red Sonja").
             The game lasted 00:01:09 (256 turns).

Apogee the Slicer (Kobold Berserker)                 Turns: 256, Time: 00:01:09

Health: -4/37      AC:  3    Str: 14    XL:     5   Next: 16%
Magic:  5/5        EV: 15    Int:  8    God:    Trog [*.....]
Gold:   54         SH:  0    Dex: 16    Spells: 4/4 levels left

rFire    . . .     SeeInvis .   a - +0 short sword
rCold    . . .     Gourm    .   (shield restricted)
rNeg     . . .     Faith    .   j - +0 leather armour
rPois    .         Spirit   .   (no helmet)
rElec    .         Reflect  .   (no cloak)
rCorr    .         Harm     .   (no gloves)
MR       .....     NoTele   +   (no boots)
Stlth    +.........             (no amulet)
HPRegen  0.12/turn              (no ring)
MPRegen  0.09/turn              (no ring)

@: berserk cooldown, slowed, very slow
A: small, carnivore
a: Berserk, Renounce Religion


You were in the Dungeon.
You worshipped Trog.
Trog was aware of your devotion.
You were not hungry.

You visited 1 branch You collected 54 gold pieces.

Inventory:

Hand Weapons
 a - a +0 short sword (weapon)
Armour
 j - a +0 leather armour (worn)
Scrolls
 i - a scroll of blinking {!r}
Potions
 d - a potion of curing
 e - a potion of heal wounds
 f - a potion of haste
 g - 2 potions of magic
Comestibles
 c - a ration


   Skills:
 + Level 6.7 Fighting
 * Level 10.6 Short Blades
 - Level 1.5 Armour
 - Level 2.4 Dodging


You had 4 spell levels left.
You didn't know any spells.
Your spell library was empty.

Dungeon Overview and Level Annotations

Branches:
Dungeon (1/1)

Altars:

Annotations:
D Sigmund


Innate Abilities, Weirdness & Mutations

You are small and have problems with some larger weapons.
You are carnivorous and can eat meat at any time.


Message History

Sigmund gestures at you while chanting. The puff of flame misses you.
You bump into the rock wall.
Sigmund casts a spell.
Sigmund flickers and vanishes!
Deactivating autopickup; reactivate with Ctrl-A.
You're too confused to move!
Something hits you!
You bump into the rock wall.
You hear some strange, mumbled words.
A puff of flame appears from out of thin air!
The puff of flame misses you. Something hits you.
You bump into the rock wall.
You feel less confused. Something hits you!
* * * LOW HITPOINT WARNING * * *
You hit something but do no damage. You hit something.
Something barely misses you.
You closely miss something. You hit something. Something hits you!
You die...

#############
#<.#..'..#..+
#..!..#..@{.#
#..#####'####
#..# #..#
#..# ####
#).# #⌠⌠#
####


There were no monsters in sight!

Vanquished Creatures
  An ogre (D)
  Ijyb (D)
2 creatures vanquished.

Notes
Turn   | Place    | Note
-------+----------+-------------------------------------------
     0 | D        | Apogee the Kobold Berserker began the quest for the Orb.
     0 | D        | Reached XP level 1. HP: 14/14 MP: 1/1
     1 | D        | Noticed Ijyb
     8 | D        | Killed Ijyb
     8 | D        | Reached skill level 7 in Short Blades
     8 | D        | Reached XP level 2. HP: 20/20 MP: 2/2
     8 | D        | Reached XP level 3. HP: 25/25 MP: 3/3
    27 | D        | Noticed an ogre
    45 | D        | Killed an ogre
    45 | D        | Reached skill level 10 in Short Blades
    45 | D        | Reached XP level 4. HP: 13/32 MP: 4/4
    45 | D        | Reached XP level 5. HP: 15/37 MP: 5/5
   236 | D        | Noticed Sigmund
   256 | D        | Slain by Sigmund

Illustrated notes

Levels and vault maps discovered:
D:        dungeon_sprint_1 [red_sonja_temple_1, red_sonja_temple_small_1]

Skill      XL: |  1  2  3 |
---------------+----------+-----
Fighting       | 4 6 |  6.7
Short Blades   | 7 10 | 10.6
Armour         | |  1.5
Dodging        | |  2.4

Action                   |  1- 3 |  4- 6 || total
-------------------------+-------+-------++-------
Melee: Short sword       |    15 |     8 ||    23
Invok: Berserk           |     1 |     1 ||     2
Armor: Animal skin       |     1 |       ||     1
Dodge: Dodged            |     7 |     5 ||    12

Table legend:
 A = Non-vault XP
 B = Vault XP
 C = Vault XP percentage of total XP
 D = Non-vault monster count
 E = Vault monster count
 F = Vault count percentage of total count
                 A         B        C        D         E       F
            +---------+---------+-------+---------+---------+-------
      Total |       0 |     161 | 100.0 |       0 |       2 | 100.0
            +---------+---------+-------+---------+---------+-------
          D |       0 |     161 | 100.0 |       0 |       2 | 100.0
            +---------+---------+-------+---------+---------+-------
